 Dungeon Sprint DCSS version 0.25-a0-413-g3b4b6a4 (webtiles) character file.

Game seed: 1015247540904560239, levelgen mode: deterministic

437 Krakonus1 the Fencer (level 6, -2/51 HPs)
             Began as a Minotaur Fighter on Jan 16, 2020.
             Was a Follower of Okawaru.
             Slain by a three-headed hydra (8 damage)
             ... in the Dungeon (Sprint IX: "|||||||||||||||||||||||||||||").
             The game lasted 00:01:26 (222 turns).

Krakonus1 the Fencer (Minotaur Fighter)              Turns: 222, Time: 00:01:27

Health: -2/51      AC: 10    Str: 23    XL:     6   Next: 69%
Magic:  5/5        EV: 10    Int:  8    God:    Okawaru [*.....]
Gold:   0          SH:  9    Dex:  9    Spells: 5/5 levels left

rFire    . . .     SeeInvis .   q - +2 scimitar (flame)
rCold    . . .     Gourm    .   c - +0 shield
rNeg     . . .     Faith    .   t - +2 ring mail
rPois    .         Spirit   .   (helmet restricted)
rElec    .         Reflect  .   (no cloak)
rCorr    .         Harm     .   s - +0 pair of gloves
MR       .....     NoTele   +   r - +0 pair of boots
Stlth    ..........             (no amulet)
HPRegen  0.17/turn              u - +2 ring of evasion
MPRegen  0.09/turn              v - +3 ring of intelligence

@: no status effects
A: retaliatory headbutt, horns 2
a: Heroism, Renounce Religion


You were in the Dungeon.
You worshipped Okawaru.
Okawaru was aware of your devotion.
You were not hungry.

You visited 1 branch

Inventory:

Hand Weapons
 a - a +0 long sword
 q - a +2 scimitar of flaming (weapon)
Armour
 b - a +0 scale mail
 c - a +0 shield (worn)
 r - a +0 pair of boots (worn)
 s - a +0 pair of gloves (worn)
 t - a +2 ring mail (worn)
Jewellery
 u - a +2 ring of evasion (left hand)
 v - a +3 ring of intelligence (right hand)
Wands
 p - a wand of iceblast (10)
Scrolls
 k - 2 scrolls of blinking
 n - 3 scrolls of remove curse
 o - 2 scrolls of amnesia
Potions
 d - a potion of might
 e - 5 potions of curing
 g - 3 potions of heal wounds
 h - a potion of haste
 i - 4 potions of magic
 j - a potion of berserk rage
 m - a potion of invisibility
Comestibles
 f - a ration
 l - 17 chunks of flesh


   Skills:
 - Level 3.6 Fighting
 * Level 16.2 Long Blades
 - Level 3.6 Armour
 - Level 3.6 Shields


You had 5 spell levels left.
You didn't know any spells.
Your spell library was empty.

Dungeon Overview and Level Annotations

Branches:
Dungeon (1/1)

Altars:
Cheibriados
Dithmenos
Elyvilon
Fedhas
Gozag
Hepliaklqana
Kikubaaqudgha
Makhleb
Nemelex Xobeh
Okawaru
Qazlal
Ru
Sif Muna
Trog
Uskayaw
Vehumet
Wu Jian
Xom
Yredelemnul
Zin
The Shining One
Beogh
Jiyva
Lugonu


Innate Abilities, Weirdness & Mutations

You reflexively headbutt those who attack you in melee.
You have a pair of horns on your head.


Message History

You chop one of the five-headed hydra's heads off!
The flame cauterises the wound!
You slice the four-headed hydra!! You burn the four-headed hydra.
The four-headed hydra is heavily wounded.
The four-headed hydra bites you.
You block the four-headed hydra's attack.
The four-headed hydra barely misses you.
The four-headed hydra bites you.
You completely miss the four-headed hydra.
You headbutt the four-headed hydra.
The four-headed hydra is severely wounded.
The crimson imp blinks!
You slice one of the four-headed hydra's heads off!
The flame cauterises the wound!
You hit the three-headed hydra. You burn the three-headed hydra.
The three-headed hydra is severely wounded.
The three-headed hydra bites you! x2
* * * LOW HITPOINT WARNING * * *
The three-headed hydra bites you!
You die... ▓▓▓▓▓▓▓▓▓▓▓▓▓▓▓▓▓▓▓▓▓▓▓▓ +...ZcD@.5...÷÷.....)|.. ▓▓▓▓▓▓▓▓▓▓▓▓▓▓▓▓▓▓▓▓▓▓▓▓

You could see a three-headed hydra, a centaur warrior, a crimson imp and a quokka skeleton.

Vanquished Creatures
  A yak (D)
  An ogre (D)
  A scorpion (D)
  A crimson imp (D)
  A jelly (D)
  A hound (D)
  An iguana (D)
  A worker ant (D)
  An adder (D)
  An ooze (D)
  A dart slug (D)
  An orc (D)
  A hobgoblin (D)
  A jackal (D)
  A ball python (D)
  A goblin (D)
  A jackal skeleton (D)
  A jackal zombie (D)
18 creatures vanquished.

Notes
Turn   | Place    | Note
-------+----------+-------------------------------------------
     0 | D        | Krakonus1 the Minotaur Fighter began the quest for the Orb.
     0 | D        | Reached XP level 1. HP: 19/19 MP: 0/0
     5 | D        | Reached skill level 3 in Long Blades
     7 | D        | Reached skill level 4 in Long Blades
    13 | D        | Reached skill level 5 in Long Blades
    13 | D        | Reached XP level 2. HP: 26/26 MP: 1/1
    23 | D        | Noticed an ogre
    23 | D        | Noticed a crimson imp
    24 | D        | Reached skill level 6 in Long Blades
    43 | D        | Reached skill level 7 in Long Blades
    46 | D        | Killed an ogre
    46 | D        | Reached skill level 11 in Long Blades
    46 | D        | Reached XP level 3. HP: 20/31 MP: 2/2
    46 | D        | Reached XP level 4. HP: 25/39 MP: 3/3
    66 | D        | Reached skill level 12 in Long Blades
    66 | D        | Reached XP level 5. HP: 29/45 MP: 4/4
    76 | D        | Found a roughly hewn altar of Beogh.
    76 | D        | Found a snail-covered altar of Cheibriados.
    76 | D        | Found a shadowy altar of Dithmenos.
    76 | D        | Found a white marble altar of Elyvilon.
    76 | D        | Found a blossoming altar of Fedhas.
    76 | D        | Found an opulent altar of Gozag.
    77 | D        | Found a hazy altar of Hepliaklqana.
    78 | D        | Found a viscous altar of Jiyva.
    79 | D        | Found an ancient bone altar of Kikubaaqudgha.
    80 | D        | Found a corrupted altar of Lugonu.
    81 | D        | Found a burning altar of Makhleb.
    82 | D        | Found a sparkling altar of Nemelex Xobeh.
    83 | D        | Found an iron altar of Okawaru.
    84 | D        | Found a stormy altar of Qazlal.
    85 | D        | Found a sacrificial altar of Ru.
    86 | D        | Found a shimmering blue altar of Sif Muna.
    87 | D        | Found a bloodstained altar of Trog.
    88 | D        | Found a hide-covered altar of Uskayaw.
    89 | D        | Found a radiant altar of Vehumet.
    90 | D        | Found an ornate altar of the Wu Jian Council.
    91 | D        | Became a worshipper of Warmaster Okawaru
    92 | D        | Found a shimmering altar of Xom.
    93 | D        | Found a basalt altar of Yredelemnul.
    94 | D        | Found a glowing silver altar of Zin.
    95 | D        | Found a glowing golden altar of the Shining One.
   146 | D        | Noticed a yak
   149 | D        | Reached skill level 13 in Long Blades
   151 | D        | Reached skill level 14 in Long Blades
   156 | D        | Killed a yak
   156 | D        | Reached * piety under Okawaru
   156 | D        | Reached skill level 15 in Long Blades
   156 | D        | Reached XP level 6. HP: 42/51 MP: 5/5
   209 | D        | Noticed a centaur warrior
   209 | D        | Noticed a seven-headed hydra
   210 | D        | Reached skill level 16 in Long Blades
   222 | D        | Slain by a three-headed hydra

Levels and vault maps discovered:
D:        linesprint [early_d, line_temple, items_1, d_10, items_2, lair_1,
          lair_end, items_3, orc_1, orc_end, items_4, d_15, swamp_1, shoals_1,
          snake_1, spider_1, d_20, vaults_1, items_5, swamp_end, shoals_end,
          snake_end, spider_end, vaults_end, d_27, items_6, zot_1, zot_end,
          crypt_end, forest_end, elf_end, slime_end, tomb_end, abyss_end,
          pan_hell_end]

Skill      XL: |  1  2  3  4  5  6 |
---------------+-------------------+-----
Long Blades    | 5 11 12 15 16 | 16.2
Fighting       | |  3.6
Armour         | |  3.6
Shields        | |  3.6

Action                   |  1- 3 |  4- 6 || total
-------------------------+-------+-------++-------
Melee: Long sword        |    33 |    11 ||    44
       Headbutt          |     7 |     6 ||    13
       Scimitar          |       |    23 ||    23
Armor: Scale mail        |    10 |     2 ||    12
       Ring mail         |       |     6 ||     6
Dodge: Dodged            |     5 |     6 ||    11
Block: Shield            |    12 |     8 ||    20
       Rpst.: Long sword |       |     1 ||     1

Table legend:
 A = Non-vault XP
 B = Vault XP
 C = Vault XP percentage of total XP
 D = Non-vault monster count
 E = Vault monster count
 F = Vault count percentage of total count
                 A         B        C        D         E       F
            +---------+---------+-------+---------+---------+-------
      Total |       0 |     625 | 100.0 |       0 |      18 | 100.0
            +---------+---------+-------+---------+---------+-------
          D |       0 |     625 | 100.0 |       0 |      18 | 100.0
            +---------+---------+-------+---------+---------+-------
